 Dungeon Crawl Stone Soup version 0.16.2-12-gd0ad4c3 (webtiles) character file.

303 Goblin1989 the Twirler (level 6, -7/35 HPs)
             Began as a Gargoyle Gladiator on Oct 15, 2015.
             Was an Initiate of Ru.
             Mangled by an ogre
             ... wielding a +0 giant club
              (24 damage)
             ... on level 5 of the Dungeon.
             The game lasted 00:12:06 (3663 turns).

Goblin1989 the Twirler (Gargoyle Gladiator)         Turns: 3663, Time: 00:12:06

Health: -7/35      AC: 12    Str: 18    XL:     6   Next: 38%
Magic:  6/6        EV: 12    Int: 10    God:    Ru [......]
Gold:   241        SH:  0    Dex: 11    Spells: 0 memorised, 5 levels left

rFire  . . .     SeeInvis .     a - +1 quarterstaff
rCold  . . .     Clarity  .     b - +0 leather armour
rNeg   + . .     SustAb   .     (no shield)
rPois  ∞         Gourm    .     c - +0 helmet
rElec  +         Spirit   .     t - +2 cloak
rCorr  .         Warding  .     (no gloves)
rMut   .         Stasis   .     q - +0 pair of boots
MR     .....                    (no amulet)
Stlth  +.........               (no ring)
                                (no ring)

@: not resistant to hostile enchantments, very unstealthy
A: negative energy resistance 1, electricity resistance, unbreathing,
petrification resistance, rot immunity, AC +4
a: Renounce Religion


You were on level 5 of the Dungeon.
You worshipped Ru.
Ru was noncommittal.
You were very hungry.

You visited 1 branch of the dungeon, and saw 5 of its levels.

You collected 241 gold pieces.

Inventory:

Hand weapons
 a - a +1 quarterstaff (weapon)
Missiles
 d - 3 throwing nets (quivered)
Armour
 b - a +0 leather armour (worn)
 c - a +0 helmet (worn)
 q - a +0 pair of boots (worn)
 t - a +2 cloak (worn)
Magical staves
 v - an uncursed staff of fire
Jewellery
 m - an uncursed amulet of resist corrosion {unknown}
Scrolls
 e - 4 scrolls of remove curse
 l - a scroll of teleportation
 n - a scroll of blinking
 p - a scroll of enchant armour
Potions
 h - 2 potions of heal wounds
 i - a potion of might {unknown}
 k - 3 potions of restore abilities
 o - a potion of curing {unknown}
 r - a potion of haste {unknown}
 u - 2 potions of poison {unknown}
 x - a potion of berserk rage {unknown}
Comestibles
 f - 5 bread rations
 g - a meat ration
 w - a beef jerky


   Skills:
 - Level 2.2 Fighting
 + Level 6.6 Staves
 - Level 2.2 Throwing
 - Level 0.4 Armour
 - Level 2.6 Dodging


You had 5 spell levels left.
You didn't know any spells.

Dungeon Overview and Level Annotations

Branches:
Dungeon (5/15)
 Temple: D:4-7

Altars:
Ru
The Shining One

Shops:
D:4 [

Annotations:
D:4 CrazyArbalest's ghost, average DENe


Innate Abilities, Weirdness & Mutations

You are resistant to torment.
You are immune to poison.
Your stone body is very resilient (AC +4).
You resist negative energy.
You are resistant to electric shocks.
You can survive without breathing.
You are immune to petrification.
You are immune to rotting.


Message History

The ogre shouts!
Found a stone staircase leading down.
A quokka zombie comes into view.
The quokka zombie moves out of view.
You hit the ogre but do no damage. The ogre barely misses you.
You barely miss the ogre. The ogre misses you.
You hit the ogre.
The ogre is lightly wounded.
You thump the ogre!
The ogre is heavily wounded.
The ogre hits you with a giant club!!
Ouch! That really hurt!
You barely miss the ogre.
The ogre is heavily wounded.
The ogre misses you.
You sock the ogre!
The ogre is almost dead.
The ogre hits you with a giant club!!
Ouch! That really hurt!
You die...

... ...8.#.# ......#.##
..........###
..>..........
...........#####
...............#
.8.....8O...###.#
........@...#<#.#
#...?...........#######
#.....................
#.######+#....###..###
# #......# .. #.#....#
#.#.#..# ..#.#..#
...#.#..#


You could see an ogre.

Vanquished Creatures
  2 hounds
  An orc wizard (D:4)
  2 worker ants (D:4)
  Ijyb (D:2)
  Terence (D:2)
  A hound skeleton (D:5)
  An adder (D:3)
  2 giant mites
  A worm (D:2)
  3 giant geckos
  An ooze (D:2)
  7 orcs
  5 giant cockroaches
  12 hobgoblins
  4 ball pythons
  12 bats
  4 giant newts
  14 goblins
  2 jackals (D:1)
  12 kobolds
  2 quokkas
  6 rats
96 creatures vanquished.

Notes
Turn   | Place    | Note
--------------------------------------------------------------
     0 | D:1      | Goblin1989, the Gargoyle Gladiator, began the quest for the Orb.
     0 | D:1      | Reached XP level 1. HP: 12/12 MP: 1/1
    84 | D:1      | Reached XP level 2. HP: 14/17 MP: 2/2
   446 | D:1      | Reached XP level 3. HP: 19/21 MP: 3/3
   795 | D:2      | Noticed Ijyb
   806 | D:2      | Killed Ijyb
   806 | D:2      | Reached skill level 4 in Staves
   842 | D:2      | Reached XP level 4. HP: 19/26 MP: 4/4
  1204 | D:2      | Found a sacrificial altar of Ru.
  1219 | D:2      | Became a worshipper of Ru the Awakened
  1383 | D:2      | Noticed Terence
  1394 | D:2      | Killed Terence
  1694 | D:3      | Reached skill level 5 in Staves
  1839 | D:3      | Reached XP level 5. HP: 28/30 MP: 5/5
  2851 | D:4      | Reached skill level 6 in Staves
  2851 | D:4      | Reached XP level 6. HP: 35/35 MP: 6/6
  2878 | D:4      | Noticed CrazyArbalest's ghost (average DENe)
  2973 | D:4      | Found Shyrha's Antique Armour Emporium.
  3589 | D:4      | Found a glowing golden altar of the Shining One.
  3635 | D:5      | Entered Level 5 of the Dungeon
  3663 | D:5      | Mangled by an ogre

Action                   |  1- 3 |  4- 6 || total
-------------------------+-------+-------++-------
Melee: Quarterstaff      |   117 |   219 ||   336
Invok: Reject Sacrifices |       |     1 ||     1
  Use: Scroll            |       |     9 ||     9
  Eat: Chunk             |       |     8 ||     8
